 Dungeon Crawl Stone Soup version 0.19-a0-76-g295c512 (webtiles) character file.

4869 wvc the Carver (level 10, -5/78 HPs)
             Began as a Demigod Wanderer on May 12, 2016.
             Slain by a white ugly thing (23 damage)
             ... on level 8 of the Dungeon.
             The game lasted 00:18:39 (10120 turns).

wvc the Carver (Demigod Wanderer)                  Turns: 10120, Time: 00:18:40

Health: -5/78      AC: 13    Str: 13    XL:     10   Next: 5%
Magic:  18/18      EV: 13    Int: 23    God:
Gold:   145        SH:  0    Dex: 13    Spells: 1 memorised, 11 levels left

rFire  . . .     SeeInvis +     v - +5 long sword
rCold  . . .     Gourm    .     J - +2 robe "Teymuladd" {rElec MR+}
rNeg   . . .     Faith    .     (no shield)
rPois  .         Spirit   .     r - +0 helmet
rElec  +         Dismiss  +     x - +1 cloak
rCorr  .         Reflect  .     j - +0 pair of gloves (curse)
SustAt +         Harm     .     A - +0 pair of boots
MR     ++...                    C - amulet of dismissal
Stlth  +.........               (no ring)
                                H - ring of see invisible

@: very resistant to hostile enchantments, very unstealthy
A: rough black scales 1, blink, high mp 1, weak 1, sustain attributes
a: Blink


You were on level 8 of the Dungeon.
You were not hungry.

You visited 1 branch of the dungeon, and saw 8 of its levels.

You collected 271 gold pieces.
You spent 126 gold pieces at shops.

Inventory:

Hand Weapons
 b - a +2 blowgun
 e - a +0 mace
 p - a +1 dagger of speed
 v - a +5 long sword (weapon)
Missiles
 g - 53 poisoned needles
 i - 16 tomahawks (quivered)
 q - 5 needles of confusion
 s - a curare-tipped needle
Armour
 j - a cursed +0 pair of gloves (worn)
 m - a +1 scale mail of cold resistance
 r - a +0 helmet (worn)
 x - a +1 cloak (worn)
 A - a +0 pair of boots (worn)
 G - a +0 leather armour
 J - the +2 robe "Teymuladd" (worn) {rElec MR+}
   (You found it on level 8 of the Dungeon)

   It insulates you from electricity.
   It affects your resistance to hostile enchantments.
Jewellery
 h - an uncursed ring of fire
 C - an amulet of dismissal (around neck)
 H - a ring of see invisible (left hand)
Wands
 u - a wand of flame (29/48)
 E - a wand of digging (14/24)
 I - a wand of polymorph (14/24)
Scrolls
 k - 2 scrolls of magic mapping
 o - a scroll of fear
 z - a scroll of fog
 B - a scroll of recharging
 D - 4 scrolls of remove curse
Potions
 a - a potion of ambrosia
 c - 3 potions of brilliance
 n - a potion of cancellation
 w - 3 potions of curing
Books
 y - a book of Unlife

   Spells                             Type                      Level
   a - Recall                         Summoning/Translocation      3
   b - Animate Dead                   Necromancy                   4
   c - Control Undead                 Necromancy                   4
   d - Cigotuvi's Embrace             Necromancy                   5
   e - Death Channel                  Necromancy                   6
   f - Simulacrum                     Ice/Necromancy               6
Comestibles
 d - 4 fruits
 f - 6 bread rations
 l - 3 meat rations
 t - 8 slices of pizza
 F - a beef jerky
 K - 3 chunks of flesh


   Skills:
 + Level 3.8 Fighting
 * Level 11.2 Long Blades
 - Level 1.5 Maces & Flails
   Level 1.0 Polearms
 - Level 1.0 Throwing
 + Level 2.7 Armour
 + Level 4.0 Dodging
 * Level 3.0 Spellcasting
 * Level 2.9 Necromancy
   Level 1.7 Translocations
   Level 1.0 Fire Magic
 + Level 1.0 Evocations


You had 11 spell levels left.
You knew the following spells:

 Your Spells              Type           Power        Failure   Level  Hunger
a - Animate Dead          Necr           N/A          38%         4    ####...


Dungeon Overview and Level Annotations

Branches:
Dungeon (8/15)             Temple (0/1) D:4
   Lair: D:8-11

Shops:
D:5 [


Innate Abilities, Weirdness & Mutations

You have an increased reservoir of magic (+10% MP).
Your attributes are resistant to harm.
You are partially covered in rough black scales (AC +4, Dex -1).
You can translocate small distances at will.
You are weak. (Str -2)


Message History

The arrow hits you but does no damage.
You see here an arrow.
Found a stone staircase leading up.
The centaur shoots an arrow.
The arrow barely misses you. The white ugly thing pecks you.
The white ugly thing freezes you!!
You barely miss the white ugly thing.
The centaur shoots an arrow.
The arrow hits you. The white ugly thing pecks you.
The white ugly thing freezes you!!
You slash the white ugly thing!
The white ugly thing is lightly wounded.
The centaur shoots an arrow.
The arrow hits you!
* * * LOW HITPOINT WARNING * * *
Your amulet of dismissal vibrates suddenly!
The centaur disappears!
The white ugly thing pecks you but does no damage.
The white ugly thing pecks you.
* * * LOW HITPOINT WARNING * * *
Your amulet of dismissal vibrates suddenly!
The white ugly thing freezes you!!
You die...

..#..###...........####+#####
..#..#..................#
#######............###### #.#
#............#
###.###............#
........รท.......>..#
###.###............# #
#.#......#####.### #
#.............@# #
#<#..........u.#
###.#............#
.##.#.......(...##
.##.#...........# ...
<##....(....# #.. +......####
# . #........ #..........


You could see a white ugly thing.

Vanquished Creatures
  The ghost of Gruesome the Cleaver, a novice DDFi of Pakellas (D:7)
  The ghost of wvc the Slasher, an amateur DgWn (D:4)
  Sigmund (D:3)
  A hog (D:8)
  A human (D:8)
  5 orc warriors
  2 black bears
  2 ice beasts
  3 sky beasts
  A necrophage (D:7)
  2 ogres
  A phantom (D:6)
  3 centaurs
  A big kobold (D:8)
  A giant frog (D:7)
  A gnoll sergeant (D:8)
  4 scorpions
  A howler monkey (D:4)
  A giant frog zombie (D:5)
  5 crimson imps
  A giant frog skeleton (D:7)
  5 jellies
  7 orc priests
  Crazy Yiuf (D:2)
  5 hounds
  7 orc wizards
  Jessica (D:2)
  Natasha (thrice) (D:2)
  2 worker ants (D:7)
  3 iguanas
  2 sheep (D:8)
  A hound skeleton (D:8)
  Robin (D:3)
  10 adders
  4 gnolls
  A shadow imp (D:6)
  An ooze (D:4)
  An adder zombie (D:6)
  2 adder skeletons
  2 dart slugs
  3 worms (D:3)
  A giant gecko (D:8)
  37 orcs
  5 giant cockroaches
  17 goblins
  8 hobgoblins
  5 jackals
  7 quokkas
  10 bats
  A giant gecko skeleton (D:8)
  5 giant newts
  A jackal skeleton (D:5)
  A jackal zombie (D:6)
  13 kobolds
  2 quokka skeletons
  A quokka zombie (D:7)
  5 rats
220 creatures vanquished.

Notes
Turn   | Place    | Note
--------------------------------------------------------------
     0 | D:1      | wvc the Demigod Wanderer began the quest for the Orb.
     0 | D:1      | wvc set off with: 3 curare-tipped needles, a +2 blowgun, Viseoh's Compendium of Evil Rites, a +0 spear, a +0 robe, a bread ration
     0 | D:1      | Reached XP level 1. HP: 16/16 MP: 5/5
     1 | D:1      | Identified Viseoh's Compendium of Evil Rites
   583 | D:1      | Reached XP level 2. HP: 12/23 MP: 7/7
  1138 | D:2      | Noticed Natasha
  1144 | D:2      | Killed Natasha
  1144 | D:2      | Reached skill level 1 in Maces & Flails
  1144 | D:2      | Reached skill level 1 in Armour
  1144 | D:2      | Reached XP level 3. HP: 27/28 MP: 8/8
  1151 | D:2      | Noticed Jessica
  1161 | D:2      | Killed Jessica
  1165 | D:2      | Noticed Natasha
  1167 | D:2      | Killed Natasha
  1167 | D:2      | Reached XP level 4. HP: 3/35 MP: 9/9
  1725 | D:2      | Found a faded altar to an unknown god.
  2390 | D:2      | Noticed Natasha
  2400 | D:2      | Killed Natasha
  2400 | D:2      | Reached skill level 1 in Long Blades
  2721 | D:2      | Reached XP level 5. HP: 41/41 MP: 10/10
  2824 | D:2      | Found an opulent altar of Gozag.
  2950 | D:2      | Noticed Crazy Yiuf
  2963 | D:2      | Killed Crazy Yiuf
  3198 | D:3      | Noticed an ice beast
  3207 | D:2      | Reached skill level 2 in Long Blades
  3409 | D:3      | Noticed Robin
  3456 | D:3      | Killed Robin
  3672 | D:3      | Killed an ice beast
  3672 | D:3      | Reached skill level 3 in Long Blades
  3672 | D:3      | Reached XP level 6. HP: 42/51 MP: 11/11
  4190 | D:3      | Noticed Sigmund
  4202 | D:3      | Killed Sigmund
  4202 | D:3      | Reached skill level 4 in Long Blades
  4698 | D:4      | Noticed wvc's ghost (amateur DgWn)
  4706 | D:4      | Reached XP level 7. HP: 57/57 MP: 12/12
  4717 | D:5      | Entered Level 5 of the Dungeon
  4729 | D:5      | Reached skill level 5 in Long Blades
  5045 | D:5      | Reached skill level 6 in Long Blades
  5071 | D:5      | Learned a level 4 spell: Animate Dead
  5212 | D:5      | Found Ojeupn's Antique Armour Shop.
  5213 | D:5      | Found a radiant altar of Vehumet.
  5220 | D:5      | Bought a pair of boots for 126 gold pieces
  5325 | D:5      | Found a blossoming altar of Fedhas.
  5330 | D:5      | Found a deep blue altar of Sif Muna.
  5563 | D:4      | Found a staircase to the Ecumenical Temple.
  5591 | D:4      | Reached skill level 7 in Long Blades
  5797 | D:4      | Killed wvc's ghost
  5797 | D:4      | Reached XP level 8. HP: 47/63 MP: 13/13
  5989 | D:5      | Found a sacrificial altar of Ru.
  6188 | D:6      | Reached skill level 8 in Long Blades
  6376 | D:6      | Gained mutation: You are weak. (Str -2) [mutagenic meat]
  6377 | D:6      | Gained mutation: You can translocate small distances at will. [mutagenic meat]
  6379 | D:6      | Gained mutation: You are frail (-10% HP). [mutagenic meat]
  6392 | D:6      | Lost mutation: You are frail (-10% HP). [potion of mutation]
  6392 | D:6      | Gained mutation: You are partially covered in rough black scales (AC +4, Dex -1). [potion of mutation]
  6844 | D:6      | Reached skill level 9 in Long Blades
  7287 | D:6      | Reached skill level 10 in Long Blades
  7287 | D:6      | Reached XP level 9. HP: 69/69 MP: 14/14
  7767 | D:7      | Found a shadowy altar of Dithmenos.
  7767 | D:7      | Found a white marble altar of Elyvilon.
  7825 | D:7      | Found a bloodstained altar of Trog.
  7861 | D:7      | Found a glowing silver altar of Zin.
  7861 | D:7      | Found a shimmering altar of Xom.
  7862 | D:7      | Found a burning altar of Makhleb.
  7998 | D:7      | Noticed Gruesome's ghost (novice DDFi)
  8177 | D:7      | Found a basalt altar of Yredelemnul.
  8219 | D:7      | Killed Gruesome's ghost
  8219 | D:7      | Reached skill level 1 in Necromancy
  8450 | D:7      | Found a stormy altar of Qazlal.
  8834 | D:7      | Reached skill level 11 in Long Blades
  8844 | D:7      | Found a shattered altar of Ashenzari.
  9427 | D:8      | Reached XP level 10. HP: 30/78 MP: 17/17
  9801 | D:8      | Got an ominously black robe
  9812 | D:8      | Identified the +2 robe "Teymuladd" {rElec MR+} (You found it on level 8 of the Dungeon)
 10110 | D:8      | Noticed a white ugly thing
 10120 | D:8      | Slain by a white ugly thing

Vault maps used:
D:1:      scummos_arrival_star
D:2:      ecumenical_altar_1, nicolae_gozag_cash_rules_everything_around_me,
          uniq_natasha, uniq_crazy_yiuf_cottage, uniq_jessica
D:3:      minmay_misc_feat_secret_circle, lemuel_flame_loot_1, uniq_sigmund,
          uniq_robin
D:4:      minmay_temple_entry_crystal_x
D:5:      nicolae_ru_the_path_less_chosen, vehumet_altar_wand_db, minitemple,
          first_bread, serial_shops, shop_statue
D:6:      st_stairs_4
D:7:      lemuel_coloured_pillars_altar, grunt_temple_overflow_open,
          lemuel_doored_altar
D:8:      erik_lair_dragon, grunt_livestock

Skill      XL: |  1  2  3  4  5  6  7  8  9 10 |
---------------+-------------------------------+-----
Maces & Flails | 1 |  1.5
Armour         | 1 2 |  2.7
Dodging        | 2 3 4 |  4.0
Long Blades    | 1 3 4 7 10 11 | 11.2
Fighting       | 3 |  3.8
Spellcasting   | 2 3 |  3.0
Necromancy     | 2 |  2.9
Polearms       | |  1.0
Throwing       | |  1.0
Translocations | |  1.7
Fire Magic     | |  1.0
Evocations     | |  1.0

Action                   |  1- 3 |  4- 6 |  7- 9 | 10-12 || total
-------------------------+-------+-------+-------+-------++-------
Melee: Mace              |    74 |    30 |       |       ||   104
       Spear             |     3 |       |       |       ||     3
       Long sword        |       |   201 |   480 |    56 ||   737
 Fire: Blowgun           |     3 |    11 |       |       ||    14
Throw: Tomahawk          |     3 |     2 |     8 |       ||    13
  Use: Scroll            |       |    14 |     3 |       ||    17
       Potion            |       |       |     7 |     1 ||     8
 Stab: Sleeping          |     1 |       |       |       ||     1
       Invisible         |       |       |       |     6 ||     6
  Eat: Chunk             |       |     9 |     7 |       ||    16
       Fruit             |       |     2 |    10 |       ||    12
       Pizza             |       |     1 |     2 |       ||     3
       Beef jerky        |       |       |     1 |     4 ||     5
Armor: Leather armour    |    34 |    20 |     5 |     9 ||    68
       Scale mail        |       |   102 |   213 |       ||   315
       Robe              |       |       |       |     6 ||     6
Dodge: Dodged            |    86 |   191 |   224 |    33 ||   534
